Map: Romanticide EC

Players

IA (moyenne)

  • Race: Terran Terran
  • Spawn Location: 11:00

Burnblade - Winner!

  • Race: Terran Terran
  • Spawn Location: 5:00

VOD

Have the link to the VOD?

Description

Time

  • Played on: Jan. 25, 2021, 10:36 a.m.
  • Length: 15:38
Show
View Real Time Build Order
Export as new Build Order

IA (moyenne) Terran 

Build Orders:  

Get SALT Encoding   

  12  0:00  SCV  
  13  0:13  SCV  
  14  0:18  Supply Depot  
  14  0:25  SCV  
  15  0:40  SCV  
  15  0:42  Barracks  
  16  0:47  Refinery  
  16  0:52  SCV  
  17  1:04  SCV  
  18  1:16  Supply Depot  
  18  1:30  Marine  
  18  1:32  Barracks, Orbital Command  
  19  1:42  Refinery  
  19  1:49  Barracks Tech Lab  
  19  2:07  Marine  
  20  2:11  Supply Depot  
  20  2:19  Marine  
  21  2:32  Marine  
  22  2:44  Marine  
  22  2:45  Supply Depot  
  23  2:53  SCV  
  23  2:56  Marine  
  25  3:05  SCV  
  25  3:08  Marine  
  27  3:13  Engineering Bay  
  27  3:17  SCV  
  28  3:20  Marine  
  29  3:30  SCV  
  29  3:32  Marine  
  31  3:42  SCV  
  31  3:45  Marauder  
  31  3:47  Supply Depot  
  34  3:54  SCV  
  35  3:57  Marine  
  36  4:09  Marine  
  37  4:27  Marauder  
  39  4:49  Marauder  
  41  6:47  Barracks Tech Lab  
  41  6:48  Marauder  
  41  6:52  Factory  
  43  6:55  Factory  
  43  6:57  Command Center, Missile Turret  
  43  6:59  Missile Turret  
  43  7:02  Ghost Academy  
  43  7:08  Sensor Tower  
  43  7:11  Supply Depot  
  43  7:13  Barracks  
  43  7:19  Bunker  
  42  7:30  Marine  
  33  7:37  Starport, Factory Tech Lab  
  33  7:40  Armory, Marine, Factory Tech Lab  
  32  7:50  Marine  
  29  8:00  Barracks Reactor, Marine  
  30  8:09  SCV  
  30  8:10  Marine  
  30  8:12  SCV  
  33  8:19  Refinery, Starport Tech Lab  
  33  8:20  Marine  
  33  8:21  Missile Turret, SCV  
  33  8:23  Missile Turret  
  33  8:24  SCV  
  36  8:27  Refinery  
  36  8:30  Marine  
  36  8:33  SCV  
  38  8:36  SCV  
  38  8:38  Raven  
  38  8:40  Marine  
  42  8:45  Bunker, SCV  
  43  8:48  SCV  
  43  8:50  Marine  
  45  8:58  SCV  
  45  9:00  SCV, Marine  
  48  9:10  SCV  
  48  9:11  Marauder  
  48  9:13  SCV  
  52  9:20  Ghost  
  52  9:21  Raven  
  52  9:22  SCV  
  57  9:25  SCV  
  58  9:32  Marauder  
  58  9:34  SCV  
  58  9:37  SCV  
  62  9:46  SCV  
  62  9:49  Marauder, SCV  
  66  9:58  SCV  
  67  10:01  SCV  
  68  10:44  Marauder  
  54  10:54  Marine  
  51  11:01  Viking  
  51  11:02  Supply Depot  
  53  11:09  Hellion  
  53  11:10  Bunker  
  55  11:13  SCV  
  55  11:16  Hellion  
  39  11:22  Ghost, Terran Infantry Weapons Level 1  
  39  11:25  SCV, Starport  
  29  11:29  Marauder  
  29  11:31  Medivac  
  32  11:35  Marine  
  32  11:37  SCV  
  28  11:42  Marine  
  28  11:43  Supply Depot  
  22  11:49  SCV  
  22  11:50  Command Center, Marine  
  22  11:54  Marine  
  22  12:00  Factory Tech Lab  
  22  12:01  Raven, SCV, Marine  
  17  12:02  Medivac  
  14  12:14  Marine, SCV  
  15  12:20  Marine  
  14  12:25  Factory  
  14  12:27  Marine  
  11  12:40  Marine  
  11  12:44  Raven  
  9  12:47  Marine  
  8  12:59  Marine  
  8  13:01  Starport Tech Lab  
  8  13:04  SCV  
  8  13:10  Hellion  
  8  13:13  Command Center  
  8  13:16  SCV  
  8  13:19  Viking  
  8  13:28  SCV  
  9  13:35  Supply Depot  
  9  13:40  SCV  
  6  13:50  Factory Tech Lab  
  6  13:52  SCV  
  4  14:05  SCV  
  6  14:17  SCV  
  5  14:29  SCV  
Show
View Real Time Build Order
Export as new Build Order

Burnblade Terran - Winner!

Build Orders:  

Get SALT Encoding   

  12  0:00  SCV  
  13  0:18  SCV  
  13  0:20  Supply Depot  
  14  0:26  Refinery  
  14  0:30  SCV  
  15  0:40  Refinery  
  15  0:51  Barracks  
  15  0:55  SCV  
  16  1:07  SCV  
  17  1:19  SCV  
  18  1:32  SCV  
  19  1:41  Supply Depot  
  19  1:49  Orbital Command  
  19  1:53  Barracks Tech Lab  
  19  2:07  Factory  
  19  2:13  Bunker  
  19  2:17  Marine  
  20  2:27  SCV  
  21  2:34  Marine  
  22  2:37  Supply Depot  
  22  2:40  SCV  
  23  2:46  Barracks  
  23  2:53  Factory Tech Lab  
  23  2:55  Marine  
  24  3:06  Starport  
  24  3:13  Marine  
  24  3:16  Cyclone  
  28  3:29  SCV  
  29  3:41  SCV  
  30  3:47  Barracks Reactor  
  30  4:03  Supply Depot  
  30  4:11  Marine  
  30  4:15  Starport Tech Lab  
  31  4:17  Command Center  
  33  4:34  Cyclone  
  34  4:42  Cloaking Field  
  34  4:55  Supply Depot  
  34  5:03  Barracks  
  34  5:06  Marine  
  34  5:07  Cyclone  
  38  5:10  Marine  
  38  5:12  Marine  
  40  5:33  Refinery  
  40  5:34  Orbital Command  
  40  5:49  SCV  
  41  5:58  Marine  
  41  6:01  SCV  
  41  6:02  Hyperflight Rotors  
  43  6:06  Marine  
  43  6:07  Marine x2  
  46  6:16  Marine  
  47  6:25  Barracks Reactor  
  47  6:26  Marine  
  47  6:27  Marine  
  49  6:34  Marine  
  49  6:37  Banshee  
  53  6:44  Marine x2  
  53  6:45  SCV  
  56  6:57  SCV  
  57  7:11  Marine  
  58  7:15  Cyclone  
  61  7:26  Banshee  
  49  7:48  Cyclone  
  51  7:55  Marine  
  52  8:01  Combat Shield  
  52  8:09  Banshee  
  55  8:13  Marine  
  56  8:20  Cyclone  
  59  8:28  Marine x4  
  59  8:31  Marine  
  64  8:46  Marine x4  
  64  8:48  SCV  
  69  8:49  Marine  
  69  8:52  Banshee, Cyclone  
  76  9:00  SCV  
  76  9:02  Refinery  
  77  9:03  Marine  
  77  9:04  Marine  
  77  9:07  Marine  
  80  9:12  SCV  
  81  9:20  Stimpack  
  81  9:24  SCV  
  81  9:30  Engineering Bay  
  82  9:35  Banshee  
  82  9:36  SCV  
  86  9:45  Marine  
  86  9:46  Marine x4  
  91  10:03  Marine x4  
  91  10:04  Marine  
  96  10:17  Banshee  
  96  10:21  Marine x3  
  102  10:45  Marine x3  
  82  13:46  Marine  
  83  13:51  Cyclone  
  86  13:59  Banshee  
  89  14:04  Marine  
  90  14:21  Marine  
  90  14:23  Cyclone  
  94  14:39  Marine  
  94  14:41  Banshee  
  98  14:55  Cyclone  
  98  14:57  Marine  
Tags
 
Matchup
TvT
Race
Terran
Spawn Locations
Cross Positions
Add a new tag
Caveats
  • Supply blocks, unpowered buildings, or Contaminate may cause inaccurate times.
  • Supply counts are checked every 10 seconds.